 Dungeon Crawl Stone Soup version 0.30-a0-469-g84de5afbc5 (webtiles) character file.

Game seed: 2957674965383867523

162 tilp the Covered (level 6, 0/52 HPs)
             Began as a Meteoran Fighter on Dec 19, 2022.
             Slain by a quokka (3 damage)
             ... summoned by Eustachio
             ... on level 5 of the Dungeon.
             The game lasted 00:04:54 (896 turns).

tilp the Covered (Meteoran Fighter)                  Turns: 896, Time: 00:04:55

Health: 0/52       AC:  9    Str: 18      XL:     6   Next: 2%
Magic:  7/7        EV:  8    Int: 10      God:
Gold:   83         SH:  5    Dex: 14 (15) Spells: 5/5 levels left

rFire   + . .      SeeInvis .    a - +0 long sword
rCold   + . .      Faith    .    c - +0 buckler
rNeg    . . .      Spirit   .    d - +0 chain mail
rPois   .          Reflect  .    (no helmet)
rElec   .          Harm     .    j - scarf {rC+ rF+}
rCorr   .          Rampage  .    (no gloves)
Will    .....                    (no boots)
Stlth   ..........               (no amulet)
HPRegen 0.28/turn                (no ring)
MPRegen 0.10/turn                (no ring)

@: flying, glowing
A: sense surroundings 1, otherworldly, glowing, explore regen
a: no special abilities


You were on level 5 of the Dungeon.
You visited 1 branch of the dungeon, and saw 6 of its levels.

You collected 83 gold pieces.

Inventory:

Hand Weapons
 a - a +0 long sword (weapon)
Missiles
 f - 7 poisoned darts (quivered)
 l - 6 atropa-tipped darts
 p - 4 boomerangs
Armour
 b - a +0 scale mail
 c - a +0 buckler (worn)
 d - a +0 chain mail (worn)
 j - a scarf of resistance (worn)
Scrolls
 e - a scroll of silence {unknown}
 i - a scroll of blinking {unknown}
 k - a scroll of teleportation {unknown}
 m - 3 scrolls of enchant weapon {unknown}
 n - a scroll of identify {unknown}
Potions
 q - a potion of degeneration {unknown}


   Skills:
 - Level 4.0 Fighting
 + Level 3.4 Long Blades
 - Level 4.0 Armour
 * Level 3.4 Dodging
 + Level 1.3 Stealth
 - Level 4.0 Shields


You had 5 spell levels left.
You didn't know any spells.
Your spell library was empty.

Dungeon Overview and Level Annotations

Branches:
Dungeon (6/15) Zot: 2644
 Temple: D:4-7

Altars:
Zin

Shops:
D:4 *

Annotations:
D:5 Eustachio, Grinder


Innate Abilities, Weirdness & Mutations

You passively map a small area around you.
You are easily found by Zot.
You glow in the dark.
You regain HP and MP as you explore.


Message History

Unknown command.
You hit the quasit but do no damage.
The quasit disappears in a puff of smoke!
The rat bites you but does no damage.
Unknown command.
You hit the rat but do no damage.
Eustachio gestures wildly while chanting.
The rat bites you.
* * * LOW HITPOINT WARNING * * *
You slash the rat!
You kill the rat!
The rat's corpse disappears in a puff of smoke!
You block the shadow imp's attack.
Unknown command.
You slash Eustachio!
Eustachio is heavily wounded.
Eustachio mumbles some strange words.
The shadow imp barely misses you.
Unknown command.
The shadow imp attacks as you move away!
The shadow imp hits you.
* * * LOW HITPOINT WARNING * * *
Eustachio attacks as you move away!
Eustachio hits you with a +2 rapier of freezing!
* * * LOW HITPOINT WARNING * * *
Eustachio freezes you.
* * * LOW HITPOINT WARNING * * *
You hit Eustachio but do no damage.
Eustachio is heavily wounded.
Eustachio hits you with a +2 rapier of freezing.
* * * LOW HITPOINT WARNING * * *
Eustachio casts a spell.
Eustachio blinks!
Unknown command.
It was a potion of magic.
Magic courses through your body. You block the quokka's attack.
It was a potion of flight.
You feel very buoyant.
You fly up into the air.
The quokka bites you.
You die...

#.# , #.# *,
* * *#.# *,
, , #.# ,
,,, ,* #.# ,
, , #.# * ,
*####.# *
,######5##.#
,*
,#..@.55r@.#
,
,#.#########
* *
#.[...... ,
#r.#####)
#.@# #### *
, ,, , , *


You could see Eustachio, 2 shadow imps, an ufetubus (summoned) and a quokka
(summoned).

Vanquished Creatures
  A black bear (D:3)
  2 adders (D:3)
  A worm (D:3)
  3 dart slugs
  8 orcs
  4 ball pythons
  3 endoplasms (D:1)
  2 hobgoblins
  2 quokkas (D:3)
  3 frilled lizards
  4 goblins
  2 kobolds
  7 rats
42 creatures vanquished.

Notes
Turn   | Place    | Note
-------+----------+-------------------------------------------
     0 | D:1      | tilp the Meteoran Fighter began the quest for the Orb.
     0 | D:1      | Reached XP level 1. HP: 19/19 MP: 2/2
    66 | D:1      | Reached XP level 2. HP: 23/26 MP: 3/3
   136 | D:2      | Reached skill level 1 in Dodging
   168 | D:1      | Reached XP level 3. HP: 26/31 MP: 4/4
   200 | D:3      | Noticed a black bear
   212 | D:3      | Killed a black bear
   213 | D:3      | Reached skill level 1 in Stealth
   213 | D:3      | Reached XP level 4. HP: 12/40 MP: 5/5
   213 | D:3      | Reached XP level 5. HP: 14/46 MP: 6/6
   530 | D:3      | Reached XP level 6. HP: 52/52 MP: 7/7
   599 | D:4      | Found Olafogul's Gadget Gallery.
   616 | D:4      | Found a glowing silver altar of Zin.
   636 | D:5      | Entered Level 5 of the Dungeon
   773 | D:5      | Noticed Grinder
   774 | D:5      | Paralysed by Grinder for 4 turns
   845 | D:5      | Noticed Eustachio
   894 | D:5      | HP: 2/52 [Eustachio/+2 rapier of freezing (4)]
   896 | D:5      | Slain by a quokka

Illustrated notes

Levels and vault maps discovered:
D:1:      erik_arrival_cave_to_civilisation [erik_arrival_cave_to_hall],
          layout_basic, dilly_ecumenical_altar_fadedgnrine
D:2:      layout_loops_ring, grunt_decor_one_mirror, uniq_crazy_yiuf_cottage,
          uniq_jessica
D:3:      layout_rooms, kennysheep_generic_room_8, uniq_terence
D:4:      nicolae_cairo_tiling_large, layout_basic,
          mainiacjoe_overflow_boulevard, nicolae_hexahallways,
          serial_bayou_pond_e, nicolae_shop_gadgets
D:5:      layout_basic, minmay_misc_feat_diagonals, uniq_eustachio, uniq_grinder
D:6:      layout_basic, nicolae_take_the_stairs

Skill      XL: |  1  2  3  4  5  6 |
---------------+-------------------+-----
Dodging        | 1 2 3 |  3.4
Long Blades    | 3 |  3.4
Armour         | 4 |  4.0
Stealth        | 1 |  1.3
Shields        | 4 |  4.0
Fighting       | 4 |  4.0

Action                   |  1- 3 |  4- 6 || total
-------------------------+-------+-------++-------
Melee: Long sword        |    62 |   134 ||   196
Evoke: Wand              |       |     6 ||     6
  Use: Potion            |     1 |     2 ||     3
Armor: Scale mail        |    33 |     1 ||    34
       Chain mail        |       |    79 ||    79
Dodge: Dodged            |    25 |    42 ||    67
Block: Buckler           |    14 |    39 ||    53

Table legend: (Time is in decaauts)
 A = Elapsed time spent in this place.
 B = Non-inter-level travel time spent in this place.
 C = Inter-level travel time spent in this place.
 D = Time resting spent in this place.
 E = Time spent auto-exploring this place.
 F = Levels seen in this place.
 G = Mean time per level.
                   A        B        C        D        E       F      G
               +--------+--------+--------+--------+--------+-----+--------+
         Total |    954 |    911 |     43 |      0 |      0 |   6 |  159.0 |
       Dungeon |    954 |    911 |     43 |      0 |      0 |   6 |  159.0 |
               +--------+--------+--------+--------+--------+-----+--------+

Top non-repeatable levels by time:
     D:4: 320 daAuts
     D:3: 272 daAuts
     D:1: 171 daAuts
     D:5: 137 daAuts
     D:2: 50 daAuts
     D:6: 1 daAuts
